 Dungeon Crawl Stone Soup version 0.31.0-32-g396128a36d (webtiles) character file.

Game seed: 8313415079339654217

1328 krs the Cleaver (level 8, 71/71 HPs)
             Began as a Minotaur Berserker on Mar 15, 2024.
             Was a Priest of Trog.
             Quit the game on level 6 of the Dungeon.
             The game lasted 01:52:00 (6546 turns).

krs the Cleaver (Minotaur Berserker)                Turns: 6546, Time: 01:52:01

Health: 71/71      AC: 12    Str: 25    XL:     8   Next: 34%
Magic:  7/7        EV: 10    Int:  4    God:    Trog [***...]
Gold:   236        SH:  0    Dex:  9    Spells: 7/7 levels left

rFire   . . .        a - +0 hand axe
rCold   . . .        (no shield)
rNeg    . . .        y - +1 chain mail
rPois   .            (helmet restricted)
rElec   .            (no cloak)
rCorr   .            B - +0 pair of gloves
SInv    .            (no boots)
Will    .....        (no amulet) Stlth
                     (no ring)
HPRegen 0.31/turn    (no ring)
MPRegen 0.10/turn

%: no passive effects
@: no status effects
A: horns 2, retaliatory headbutt
a: Renounce Religion, Berserk, Trog's Hand


You were on level 6 of the Dungeon.
You worshipped Trog.
Trog was most pleased with you.
You visited 1 branch of the dungeon, and saw 6 of its levels.

You collected 236 gold pieces.

Inventory:

Hand Weapons
 a - a +0 hand axe (weapon)
 h - a +0 flail
 l - a +0 spear
 r - a +0 flail
 v - a +0 trident
 A - a +0 halberd
 C - a +0 mace
 D - a +2 flail of protection
 E - a +0 falchion
 F - the +2 mace "Medozirph" {flame, *Corrode Str+3}
   (You found it on level 5 of the Dungeon)

   Str+3:     It affects your strength (+3).
   *Corrode:  It may corrode you when you take damage.
Missiles
 d - 10 poisoned darts (quivered)
 g - 43 stones
 s - 11 boomerangs
Armour
 i - a +1 ring mail
 w - a +2 leather armour of fire resistance
 y - a +1 chain mail (worn)
 B - a +0 pair of gloves (worn)
Scrolls
 c - a scroll of enchant armour
 e - 3 scrolls of immolation {unknown}
 f - 2 scrolls of summoning
 k - 2 scrolls of blinking {unknown}
 m - a scroll of vulnerability {unknown}
 n - a scroll of noise {unknown}
 x - 3 scrolls of identify {unknown}
 z - 2 scrolls of teleportation {unknown}
Potions
 b - a potion of might {unknown}
 j - 2 potions of attraction {unknown}
 o - a potion of ambrosia {unknown}
 p - 2 potions of heal wounds {unknown}
 q - 2 potions of enlightenment
 t - a potion of resistance {unknown}
 u - 3 potions of curing {unknown}


   Skills:
 + Level 6.5 Fighting
 * Level 8.6 Axes
 + Level 6.0 Armour
 + Level 5.3 Dodging


You had 7 spell levels left.
You didn't know any spells.
Your spell library contained the following spells:

 Spells                   Type           Power      Damage    Failure   Level
 Slow                     Hex            0%         N/A       95%         1
 Confusing Touch          Hex            0%         N/A       100%        3
 Sigil of Binding         Hex            0%         N/A       100%        3
 Vampiric Draining        Necr           0%         2d6       100%        3


Dungeon Overview and Level Annotations

Branches:
Dungeon (6/15)
 Temple: D:4-7

Altars:
Elyvilon
Okawaru
Ru
Wu Jian

Shops:
D:4 :   D:5 :[*


Innate Abilities, Weirdness & Mutations

You have a pair of horns on your head.
You reflexively headbutt those who attack you in melee.


Message History

The ufetubus attacks as it pursues you!
The ufetubus hits you but does no damage. x2
The ufetubus attacks as it pursues you! The ufetubus closely misses you.
You furiously retaliate!
You headbutt the ufetubus!
You kill the ufetubus!
Trog accepts your kill.
You open the door.
There is an open door here.
Your movement speed is average.
Your attack delay is about 0.8.
Your damage rating with your +0 hand axe is about 12 (Base 7 x 137% (Str) x 128% (Skill)).
Unknown command.
Unknown command.
You see here a smoky red potion.
j - 2 smoky red potions (gained 1)
Found 11 gold pieces.
You open the door.
You see here 11 gold pieces.
You now have 236 gold pieces (gained 11).
There is an open door here.
There is an open door here.
A phantom comes into view.
Press: ? - help, v - describe, . - travel
Here: a phantom The floor.
The phantom hits you but does no damage.
You barely miss the phantom. Your headbutt misses the phantom.
The phantom misses you.
You closely miss the phantom. You headbutt the phantom!
The phantom is heavily damaged.
The phantom barely misses you. You furiously retaliate!
You headbutt the phantom. You slash the phantom!
You destroy the phantom!
Trog accepts your kill.
Your Armour skill increases to level 6!
Saving game... please wait.
Welcome back, krs the Minotaur Berserker.
Trog says: Kill them all!
Press ? for a list of commands and other information.
Are you sure you want to abandon this character and quit the game? (Confirm with "yes".)

###...#....'........#
#..........#######..#
+.......####.....#..#
## #.......# #.#......#
....)....<.# #.....#.##
###........# #.....#.#
..#.######.####.....#.#
#.#.# #.#........#.#
#.#.# #.#.###@...#.#
#.#.# #.# #......#.#
#.#.######.# #......#.#
#..........#......#.#
..#.###############.#
#.#.# # ..#.# ###.# #.#


There were no monsters in sight!

Vanquished Creatures
  Prince Ribbit (D:5)
  Edmund (D:5)
  A water moccasin (D:6)
  A black bear (D:4)
  An ogre (D:5)
  A phantom (D:6)
  A scorpion (D:4)
  A bombardier beetle (D:5)
  4 hounds
  A jelly (D:5)
  2 orc priests (D:3)
  2 sleepcaps
  An iguana (D:5)
  An orc wizard (D:3)
  4 gnolls
  7 adders
  2 white imps
  4 ufetubi
  A ribbon worm (D:3)
  3 dart slugs
  18 orcs
  8 bats
  10 endoplasms
  5 giant cockroaches
  9 goblins
  4 hobgoblins
  4 jackals (D:3)
  4 quokkas
  11 ball pythons
  2 kobolds
  4 rats
119 creatures vanquished.

Notes
Turn   | Place    | Note
-------+----------+-------------------------------------------
     0 | D:1      | krs the Minotaur Berserker began the quest for the Orb.
     0 | D:1      | Reached XP level 1. HP: 19/19 MP: 0/0
   355 | D:1      | Reached XP level 2. HP: 27/27 MP: 1/1
   369 | D:1      | Reached skill level 4 in Axes
   704 | D:1      | Reached XP level 3. HP: 33/33 MP: 2/2
   713 | D:1      | Reached ** piety under Trog
  2369 | D:2      | Reached XP level 4. HP: 40/40 MP: 3/3
  2887 | D:3      | Reached skill level 5 in Axes
  3240 | D:3      | Reached XP level 5. HP: 42/47 MP: 4/4
  3601 | D:3      | Found an iron altar of Okawaru.
  4018 | D:4      | Noticed a black bear
  4152 | D:4      | Reached XP level 6. HP: 37/55 MP: 5/5
  4160 | D:4      | Reached skill level 6 in Axes
  4176 | D:4      | Reached skill level 5 in Fighting
  4418 | D:4      | Found Edetz's Vocational Training.
  4503 | D:4      | Reached XP level 7. HP: 46/61 MP: 6/6
  4628 | D:4      | Reached *** piety under Trog
  4680 | D:5      | Entered Level 5 of the Dungeon
  5215 | D:5      | Found a white marble altar of Elyvilon.
  5252 | D:5      | Noticed Edmund
  5278 | D:5      | Killed Edmund
  5279 | D:5      | Reached skill level 7 in Axes
  5279 | D:5      | Reached skill level 5 in Armour
  5290 | D:5      | Found Haimumel's General Store.
  5306 | D:5      | Found Sazuic's Antique Armour Boutique.
  5334 | D:5      | Noticed Prince Ribbit
  5364 | D:5      | Killed Prince Ribbit
  5566 | D:5      | Found a sacrificial altar of Ru.
  5796 | D:5      | Reached skill level 8 in Axes
  5796 | D:5      | Reached XP level 8. HP: 57/70 MP: 7/7
  5871 | D:5      | Found Qiduosk's Book Shoppe.
  5951 | D:5      | Identified the +2 mace "Medozirph" {flame, *Corrode Str+3}
  6121 | D:5      | Reached skill level 5 in Dodging
  6430 | D:6      | Found an ornate altar of the Wu Jian Council.
  6546 | D:6      | Quit the game

Illustrated notes

Levels and vault maps discovered:
D:1:      lordsloth_arrival_two_stooges, layout_basic, due_unseen_surprise
D:2:      layout_loops_cross
D:3:      layout_basic, okawaru_metal_pillars_3
D:4:      layout_basic, nicolae_shop_vocational
D:5:      layout_loops_ring, mainiacjoe_overflow_brackets,
          mainiacjoe_overflow_24_doors, serial_shops,
          nicolae_shop_competitors_out_of_business, nicolae_shop_trees,
          nicolae_shop_tiny_statue_garden, uniq_prince_ribbit1, uniq_edmund
D:6:      layout_basic, nicolae_wu_jian_wuxing_cycle,
          minmay_temple_entry_antechambers, uniq_eustachio

Skill      XL: |  1  2  3  4  5  6  7  8 |
---------------+-------------------------+-----
Axes           | 4 5 6 8 |  8.6
Fighting       | 4 5 6 |  6.5
Armour         | 3 4 5 6 |  6.0
Dodging        | 3 4 5 |  5.3

Action                     |  1- 3 |  4- 6 |  7- 9 || total
---------------------------+-------+-------+-------++-------
  Melee: Hand axe          |    82 |   142 |   136 ||   360
         Headbutt          |    14 |    21 |    32 ||    67
         Punch             |     1 |       |       ||     1
  Throw: Dart              |     6 |     1 |     3 ||    10
 Invoke: Berserk           |       |     1 |       ||     1
         Trog's Hand       |       |       |     1 ||     1
    Use: Scroll            |     2 |     1 |     1 ||     4
         Potion            |       |       |     1 ||     1
 Armour: Animal skin       |    11 |       |       ||    11
         Ring mail         |    16 |    55 |       ||    71
         Chain mail        |       |    58 |    86 ||   144
  Dodge: Dodged            |    49 |    76 |    71 ||   196
